[Event "ISR-ch Women 2018"]
[Site "Ma'alot-Tarshih"]
[Date "2018.12.19"]
[Round "8"]
[White "Efroimski, Marsel"]
[Black "Nesterovskaya, Anzhelika"]
[Result "1-0"]
[ECO "A40"]
[WhiteElo "2301"]
[BlackElo "2130"]
[Annotator "NA"]
[PlyCount "77"]
[EventDate "2018.12.12"]
[EventType "swiss"]
[EventCountry "ISR"]
[SourceTitle "playchess.com"]
[Source "ChessBase"]
[SourceQuality "1"]
[TimeControl "40/5400+30:1800+30"]

1. e4 c5 2. Nf3 d6 3. c4 g6 4. d4 Bg7 5. Nc3 Qa5 6. dxc5 {[%emt 0:12:00] LiveBook: 11 Games A40: Unusual replies to 1 d4} (6. d5 Bxc3+ 7. bxc3 Nf6 8. Qc2 Nxe4 9. Bd3 f5 10. O-O Nd7 11. Re1 Ndf6 12. Ng5 Bd7 13. f3 Nxg5 14. Bxg5 {0-1 (36) Wojtaszek,R (2727)-Fressinet,L (2700) Huaian 2016}) 6... Bxc3+ 7. bxc3 Qxc5 8. Qd4 f6 9. Be3 Qa5 10. Be2 Nd7 $146 ({Predecessor:} 10... Nc6 11. Qd2 f5 12. exf5 gxf5 {½-½ (46) Butuc,M (2098)-Plischki,S (2358) Marianske Lazne 2008}) 11. O-O Nc5 12. Nd2 Qc7 13. Nb3 e5 14. Qd1 Nxe4 15. Bf3 Nxc3 16. Qe1 Na4 17. Qb4 Nb2 18. c5 d5 19. Bxd5 Ne7 20. Bf3 $16 Qd7 21. Nc1 Nd3 22. Nxd3 Qxd3 23. Bxb7 Bxb7 24. Qxb7 Qd5 25. Rab1 Kf7 26. Qa6 Rhc8 27. Rfd1 Rab8 28. Rbc1 Qe6 29. Rd6 Qf5 30. Qc4+ Kg7 31. g4 Qf3 32. Rd7 Rb7 33. Rcd1 e4 34. Qe6 Re8 35. c6 Rc7 36. R1d2 Rxd7 37. cxd7 Nf5 38. dxe8=N+ Kf8 39. Qxf6+ 1-0

[Event "ISR-ch Women 2018"]
[Site "Ma'alot-Tarshih"]
[Date "2018.12.19"]
[Round "8"]
[White "Klinova, Masha"]
[Black "Reprun, Nadejda"]
[Result "1-0"]
[ECO "B12"]
[WhiteElo "2267"]
[BlackElo "2016"]
[Annotator "ChessBase"]
[PlyCount "43"]
[EventDate "2018.12.12"]
[EventType "swiss"]
[EventCountry "ISR"]
[SourceTitle "playchess.com"]
[Source "ChessBase"]
[SourceQuality "1"]
[TimeControl "40/5400+30:1800+30"]

1. e4 c6 2. d4 d5 3. e5 c5 4. Nf3 Nc6 5. c4 cxd4 6. Nxd4 Qb6 7. Nxc6 bxc6 8. cxd5 e6 9. dxc6 Qa5+ 10. Nc3 Qxe5+ 11. Be2 Bb4 12. O-O Nf6 13. Bf3 Bxc3 14. bxc3 O-O 15. Ba3 Ba6 16. Re1 Qxc3 17. Bxf8 Rxf8 18. Qa4 Qc4 19. Qxc4 Bxc4 20. Rec1 Bd5 21. c7 Rc8 22. Rab1 1-0

[Event "ISR-ch Women 2018"]
[Site "Ma'alot-Tarshih"]
[Date "2018.12.19"]
[Round "8"]
[White "Vardi, Shlomit"]
[Black "Levitan, Ronit"]
[Result "0-1"]
[ECO "C44"]
[WhiteElo "1910"]
[BlackElo "1875"]
[Annotator "NA"]
[PlyCount "70"]
[EventDate "2018.12.12"]
[EventType "swiss"]
[EventCountry "ISR"]
[SourceTitle "playchess.com"]
[Source "ChessBase"]
[SourceQuality "1"]
[TimeControl "40/5400+30:1800+30"]

1. e4 e5 2. Nf3 Nc6 3. d4 exd4 4. c3 Nf6 5. e5 Nd5 6. cxd4 d6 {[%emt 0:00:35] LiveBook: 12 Games} 7. Bb5 dxe5 {[%emt 0:03:39] C44: Ponziani Opening and Scotch Gambit} (7... Be7 8. Nc3 Nxc3 9. bxc3 O-O 10. O-O Bg4 11. h3 Bh5 12. Re1 a6 13. Bd3 dxe5 14. dxe5 Kh8 15. Bf4 {1-0 (29) Lu,S (2533)-Bok,B (2591) Pune 2014}) 8. dxe5 Bb4+ 9. Bd2 Bd7 $146 ({Predecessor:} 9... O-O 10. O-O Bxd2 11. Nbxd2 Nde7 12. h3 Be6 13. Ng5 Bd5 14. Ngf3 Ng6 15. Re1 {0-1 (62) Mahadevan,A (1503)-Muniz Pardino,A (2103) Hong Kong 2013}) 10. Nc3 Nxc3 $11 (10... Bxc3 $5 11. Bxc3 Nxc3 12. bxc3 O-O $11) 11. bxc3 Be7 12. Qe2 a6 13. Bd3 Be6 14. O-O O-O 15. Rfd1 Qc8 16. Qe4 g6 17. Ng5 Bf5 18. Qh4 h5 19. Bf4 Bxd3 20. Rxd3 Qf5 21. Re3 Rad8 22. h3 Rd5 23. Qg3 Bxg5 24. Bxg5 Rxe5 25. Rxe5 Nxe5 26. Rd1 Re8 27. f4 Nc4 28. Qf3 Nd6 29. Bh4 Qc2 30. Bf6 Qxa2 31. f5 Nxf5 32. Qxb7 Qe6 33. Bd8 Qe3+ 34. Kh1 Qe2 35. Rb1 Rxd8 0-1

[Event "ISR-ch Women 2018"]
[Site "Ma'alot-Tarshih"]
[Date "2018.12.19"]
[Round "8"]
[White "Brusilovski, Lena"]
[Black "Haitovich, Avital"]
[Result "0-1"]
[ECO "B77"]
[WhiteElo "1886"]
[BlackElo "1979"]
[Annotator "NA"]
[PlyCount "68"]
[EventDate "2018.12.12"]
[EventType "swiss"]
[EventCountry "ISR"]
[SourceTitle "playchess.com"]
[Source "ChessBase"]
[SourceQuality "1"]
[TimeControl "40/5400+30:1800+30"]

1. e4 c5 2. Nf3 d6 3. d4 cxd4 4. Nxd4 Nf6 5. Nc3 g6 6. Be3 Bg7 7. f3 O-O 8. Bc4 Nc6 9. Qd2 Bd7 10. h4 Rc8 11. Bb3 {[%emt 0:01:38] LiveBook: 464 Games} Na5 12. Bh6 Nxb3 13. axb3 $14 Bxh6 14. Qxh6 Qb6 15. Nde2 Qc5 16. h5 e6 17. hxg6 fxg6 18. O-O-O Rf7 19. Rd2 b5 20. g4 b4 21. Nb1 a5 22. Qh2 Qe3 23. Qg2 a4 24. bxa4 Bxa4 25. c3 Nd7 26. Nd4 Nc5 27. Nc2 Nd3+ 28. Kd1 Nxb2+ 29. Kc1 Nd3+ 30. Kd1 bxc3 31. Rxd3 Qxd3+ 32. Kc1 Qxc2+ 33. Qxc2 Bxc2 34. Kxc2 Rxf3 0-1

[Event "ISR-ch Women 2018"]
[Site "Ma'alot-Tarshih"]
[Date "2018.12.19"]
[Round "8"]
[White "Ovechkin, Lilia"]
[Black "Shaul Zeidner, Lyad"]
[Result "0-1"]
[ECO "D00"]
[WhiteElo "1779"]
[BlackElo "1671"]
[Annotator "NA"]
[PlyCount "119"]
[EventDate "2018.12.12"]
[EventType "swiss"]
[EventCountry "ISR"]
[SourceTitle "playchess.com"]
[Source "ChessBase"]
[SourceQuality "1"]
[TimeControl "40/5400+30:1800+30"]

1. d4 d5 2. Bg5 Bf5 3. e3 Nf6 4. f4 Nbd7 5. Nf3 h6 6. Bh4 e6 7. Ne5 Be7 8. Bf2 Ne4 9. Bg1 Nxe5 10. dxe5 c6 11. Be2 Qb6 12. Qc1 f6 13. exf6 Bxf6 14. c3 h5 15. Nd2 O-O-O 16. a4 a5 17. Ra3 Qc7 18. Nxe4 Bxe4 19. Bf3 Bf5 20. Bf2 e5 21. O-O e4 22. Be2 h4 23. b4 Rdg8 24. Qd1 g6 25. b5 Qd6 26. Qb3 c5 27. Rd1 Rd8 28. b6 c4 29. Bxc4 dxc4 30. Qxc4+ Qc6 31. Qxc6+ bxc6 32. Rb1 Kb7 33. c4 Rd3 34. Ra2 Rhd8 35. h3 Rd1+ 36. Rxd1 Rxd1+ 37. Kh2 Rc1 38. Rd2 Be7 39. g4 hxg3+ 40. Bxg3 Rxc4 41. Be1 Bb4 42. Rd1 Bxe1 43. Rxe1 Rxa4 44. h4 Kxb6 45. Kg3 c5 46. h5 gxh5 47. Kh4 Ra2 48. Kg5 Bg4 49. f5 Rf2 50. f6 Kc7 51. Kg6 Kd7 52. Rb1 Be6 53. Rb5 Kc6 54. Rxa5 h4 55. Ra8 h3 56. Re8 Kd6 57. Rd8+ Ke5 58. Rh8 Rxf6+ 59. Kg7 Rf3 60. Rh5+ 0-1

[Event "ISR-ch Women 2018"]
[Site "Ma'alot-Tarshih"]
[Date "2018.12.19"]
[Round "8"]
[White "Orian, Noga"]
[Black "Lahav, Michal"]
[Result "0-1"]
[ECO "E90"]
[WhiteElo "1343"]
[BlackElo "2059"]
[Annotator "NA"]
[PlyCount "82"]
[EventDate "2018.12.12"]
[EventType "swiss"]
[EventCountry "ISR"]
[SourceTitle "playchess.com"]
[Source "ChessBase"]
[SourceQuality "1"]
[TimeControl "40/5400+30:1800+30"]

1. d4 Nf6 2. c4 c5 3. d5 e6 4. Nc3 d6 5. e4 exd5 6. cxd5 g6 7. Bg5 Bg7 8. Nf3 h6 9. Bd2 O-O 10. Bd3 a6 {[%emt 0:02:38] E90: King's Indian: Classical: Early deviations and 6 h3} (10... Bg4 11. h3 Bxf3 12. Qxf3 Nbd7 13. O-O a6 14. Bf4 Qb6 15. Rac1 Nh5 16. Na4 Qa5 17. Nc3 Nxf4 18. Qxf4 {0-1 (36) Hasford,J (2055)-Matamoros Franco,C (2525) Tromsoe 2014}) 11. a4 Bg4 12. Be2 $146 ({White should try} 12. h3 $14 Bxf3 13. Qxf3) ({Predecessor:} 12. O-O Nbd7 13. Bf4 Qc7 14. h3 Bxf3 15. Qxf3 Rfe8 16. Rfe1 Nh5 17. Bh2 Ne5 18. Qd1 Nxd3 19. Qxd3 Rad8 20. a5 Nf6 21. Qg3 {½-½ (21) Frajka,P (1810)-Kovalenko,V (2165) Liverpool 2011}) 12... Re8 13. h3 Bc8 14. Bd3 Nxe4 15. O-O Nxd2 16. Qxd2 Nd7 17. Ne4 Nf6 18. Nxf6+ Qxf6 ({Weaker is} 18... Bxf6 19. Qxh6 Bg7 20. Qf4 $15) 19. b4 Bxh3 20. Rab1 b6 21. Rfe1 Bg4 22. Nh2 Bf5 23. bxc5 bxc5 24. Rxe8+ Rxe8 25. Bxf5 Qxf5 26. Rb6 Re5 27. Qc1 Re2 28. f3 Ra2 29. Rb1 Bd4+ 30. Kh1 Qh5 $19 31. f4 Qxd5 32. Nf3 Qh5+ 33. Nh2 Qe2 34. Qf1 Qxf1+ 35. Rxf1 Rxa4 36. Nf3 Ra1 37. Rxa1 Bxa1 38. Nd2 Bd4 39. Nc4 d5 40. Nb6 a5 41. Nxd5 a4 0-1

[Event "ISR-ch Women 2018"]
[Site "Ma'alot-Tarshih"]
[Date "2018.12.20"]
[Round "9"]
[White "Lahav, Michal"]
[Black "Buzukashvili, Sofia"]
[Result "1-0"]
[ECO "B04"]
[WhiteElo "2059"]
[BlackElo "1963"]
[Annotator "NA RC"]
[PlyCount "73"]
[EventDate "2018.12.12"]
[EventType "swiss"]
[EventCountry "ISR"]
[SourceTitle "playchess.com"]
[Source "ChessBase"]
[SourceQuality "1"]
[TimeControl "40/5400+30:1800+30"]

1. e4 Nf6 2. e5 Nd5 3. d4 d6 4. Nf3 dxe5 5. Nxe5 c6 6. Be2 g6 7. O-O Bg7 8. c4 Nb6 9. Nc3 O-O 10. Bf4 Be6 {[%emt 0:04:47] B04: Alekhine's Defence: 4 Nf3} 11. b3 N8d7 12. Nf3 {[%emt 0:03:00] LiveBook: 3 Games} Nf6 (12... Bg4 $1 $14) 13. Qd2 Qe8 $146 ({Predecessor:} 13... Bg4 14. Rad1 Bxf3 15. Bxf3 Qd7 16. d5 c5 17. Rfe1 Rfe8 18. Nb5 {1-0 (35) Shankland,S (2448)-Nguyen,T Chicago 2009}) 14. Rad1 Rc8 15. Rfe1 Nfd7 (15... Bg4 $16 {is a better defense.} 16. h3 Be6) 16. h3 f6 17. Bf1 Bf7 18. Ne4 Qd8 19. a4 e5 (19... Na8 $142 20. Bh6 Nc7 21. Bxg7 Kxg7) 20. dxe5 Nxe5 21. Nd6 Nxf3+ 22. gxf3 Rc7 23. a5 Na8 24. Qe3 Qb8 25. Nxf7 {[%emt 0:00:43] Pin} Rfxf7 26. c5 Rf8 27. Bc4+ Kh8 $18 28. Rd7 Qc8 29. Rdd1 Qxh3 30. Bxc7 Nxc7 31. Qf4 Qc8 32. Re7 Ne8 33. Be6 Qa8 34. Rdd7 g5 35. Qh2 f5 36. Qh6 Rf6 37. Rxg7 1-0

[Event "ISR-ch Women 2018"]
[Site "Ma'alot-Tarshih"]
[Date "2018.12.20"]
[Round "9"]
[White "Haitovich, Avital"]
[Black "Efroimski, Marsel"]
[Result "0-1"]
[ECO "A07"]
[WhiteElo "1979"]
[BlackElo "2301"]
[Annotator "ChessBase"]
[PlyCount "110"]
[EventDate "2018.12.12"]
[EventType "swiss"]
[EventCountry "ISR"]
[SourceTitle "playchess.com"]
[Source "ChessBase"]
[SourceQuality "1"]
[TimeControl "40/5400+30:1800+30"]

1. Nf3 d5 2. g3 g6 3. Bg2 Bg7 4. O-O e5 5. d3 Ne7 6. e4 O-O 7. Nbd2 Nbc6 8. Re1 d4 9. a4 h6 10. Nc4 Be6 11. b3 a6 12. Bd2 Qd7 13. Qc1 Kh7 14. Qa3 b6 15. b4 b5 16. axb5 axb5 17. Na5 Ra6 18. Reb1 Bg4 19. Qb3 Rfa8 20. Qb2 Nxa5 21. Rxa5 Rxa5 22. bxa5 c6 23. Qb4 Nc8 24. Qc5 Qd6 25. Qb4 Bd7 26. Qb3 Kg8 27. Be1 c5 28. Ra1 Ra6 29. Nd2 Na7 30. Qd5 Qxd5 31. exd5 f5 32. Nb3 Bf8 33. Bd2 c4 34. dxc4 bxc4 35. Nc1 c3 36. Be1 Bb5 37. Bf1 Bxf1 38. Kxf1 Rd6 39. f4 e4 40. Ra4 Rxd5 41. Nb3 Bg7 42. Rc4 d3 43. Bxc3 Bxc3 44. Rxc3 d2 45. Nxd2 Rxd2 46. Rc7 Nb5 47. Rc8+ Kf7 48. Rb8 Nc7 49. c4 Ke7 50. Rb7 Kd7 51. a6 Kc6 52. Rb8 Nxa6 53. Rh8 h5 54. Rc8+ Kb6 55. Rg8 Rd6 0-1

[Event "ISR-ch Women 2018"]
[Site "Ma'alot-Tarshih"]
[Date "2018.12.20"]
[Round "9"]
[White "Katkov, Michelle"]
[Black "Ovechkin, Lilia"]
[Result "1-0"]
[ECO "B04"]
[WhiteElo "1887"]
[BlackElo "1779"]
[Annotator "NA RC"]
[PlyCount "79"]
[EventDate "2018.12.12"]
[EventType "swiss"]
[EventCountry "ISR"]
[SourceTitle "playchess.com"]
[Source "ChessBase"]
[SourceQuality "1"]
[TimeControl "40/5400+30:1800+30"]

1. e4 {[%emt 0:00:00] Finkel,A} Nf6 2. e5 Nd5 3. d4 d6 4. Nf3 Nb6 5. Nc3 Bg4 {[%emt 0:05:56] B04: Alekhine's Defence: 4 Nf3} 6. h3 Bf5 7. Be3 $146 ({Predecessor:} 7. Bd3 Bxd3 8. Qxd3 e6 9. exd6 Bxd6 10. Ne4 h6 11. O-O O-O 12. c4 Be7 13. b3 {½-½ (32) Bellini,F (2418)-Varga,Z (2518) Baden 1999 CBM 071 [Finkel,A]}) 7... e6 8. Ng5 (8. exd6 $14 Bxd6 9. Bd3) 8... dxe5 9. dxe5 Qxd1+ 10. Kxd1 Nc6 11. f4 Be7 12. Nge4 O-O-O+ 13. Bd3 Nc4 14. Bc1 Bb4 15. Ke2 Nd4+ 16. Kf2 Nb6 17. a4 Bxc3 18. bxc3 Bxe4 19. Bxe4 Nf5 20. Rb1 ({Better is} 20. g4 $16 Ne7 21. a5) 20... c6 $1 21. g4 Ne7 22. a5 Nbd5 ({Better is} 22... Na4 $14) 23. Rb3 Rd7 (23... f5 $16 {might work better.}) 24. c4 Nc7 $18 25. Ba3 Na6 26. Bd6 h5 27. Rhb1 hxg4 28. hxg4 f5 29. gxf5 Nxf5 30. Bxc6 Nxd6 31. Bxd7+ Kxd7 32. exd6 Kxd6 33. Rxb7 Rh2+ 34. Ke3 Rxc2 35. Rxa7 Nc7 36. Rb6+ Kd7 37. Kd3 Ra2 38. Rbb7 Kd6 39. Rxc7 Rxa5 40. Rxa5 {[%emt 0:00:06] Kd5 [%clk 0:00:00] Ke4+} 1-0

[Event "ISR-ch Women 2018"]
[Site "Ma'alot-Tarshih"]
[Date "2018.12.20"]
[Round "9"]
[White "Brusilovski, Lena"]
[Black "Vardi, Shlomit"]
[Result "0-1"]
[ECO "B07"]
[WhiteElo "1886"]
[BlackElo "1910"]
[Annotator "NA RC"]
[PlyCount "52"]
[EventDate "2018.12.12"]
[EventType "swiss"]
[EventCountry "ISR"]
[SourceTitle "playchess.com"]
[Source "ChessBase"]
[SourceQuality "1"]
[TimeControl "40/5400+30:1800+30"]

1. e4 d6 2. d4 g6 3. f4 Bg7 4. Nf3 Nf6 5. Bd3 c5 6. c3 Bg4 {[%emt 0:01:00] B07: Pirc Defence: Miscellaneous Systems} (6... O-O 7. O-O Bg4 8. Be3 Nbd7 9. Nbd2 cxd4 10. cxd4 Rc8 11. h3 Bxf3 12. Qxf3 a6 13. a4 Qb6 14. e5 Ne8 15. Bc4 {1-0 (54) Khairat,A (2211)-Araz,B (2368) Riadh 2017}) 7. O-O cxd4 8. cxd4 Qb6 9. Kh1 O-O 10. d5 Nbd7 11. Nc3 Rac8 $146 ({Predecessor:} 11... Nc5 12. Na4 Nxa4 13. Qxa4 Rac8 14. h3 Bd7 15. Qa3 {0-1 (58) Saber,S (1847)-Lobato Rivero,C (1999) Madrid 2014}) 12. Qe2 (12. h3 $5 Bxf3 13. Rxf3 $11) 12... Nc5 13. Be3 Nfd7 14. h3 Bxf3 15. Rxf3 Qa5 16. Bd2 Nxd3 17. Qxd3 Nc5 18. Qf1 Qb4 $15 19. Qe1 Qxb2 20. Rb1 Qa3 21. e5 Qa6 22. Nb5 Qxa2 23. exd6 exd6 24. Nxd6 Rcd8 25. Nxb7 Nxb7 26. Rxb7 Qxd5 0-1

[Event "ISR-ch Women 2018"]
[Site "Ma'alot-Tarshih"]
[Date "2018.12.20"]
[Round "9"]
[White "Shaul Zeidner, Lyad"]
[Black "Reprun, Nadejda"]
[Result "0-1"]
[ECO "B13"]
[WhiteElo "1671"]
[BlackElo "2016"]
[Annotator "NA RC"]
[PlyCount "82"]
[EventDate "2018.12.12"]
[EventType "swiss"]
[EventCountry "ISR"]
[SourceTitle "playchess.com"]
[Source "ChessBase"]
[SourceQuality "1"]
[TimeControl "40/5400+30:1800+30"]

1. e4 c6 2. d4 d5 3. exd5 cxd5 4. Nc3 Nf6 5. Bf4 a6 {[%emt 0:01:03] B13: Caro-Kann: Exchange Variation and Panov-Botvinnik Attack} 6. Be2 (6. Bd3 Nc6 7. Nge2 Bg4 8. f3 Bh5 9. h4 Bg6 10. g4 e6 11. h5 Bxd3 12. Qxd3 h6 13. O-O-O {0-1 (50) Jobava,B (2646)-Nisipeanu,L (2657) Spilimbergo 2018}) 6... Bf5 7. Nf3 h6 8. Nd2 $146 ({Predecessor:} 8. O-O e6 9. Ne5 Bd6 10. Bd3 Bxd3 11. Qxd3 O-O 12. Ne2 {0-1 (36) Vidal Masferrer,M (1497)-Deulofeu Peramarch,E (1712) Costa Brava 2016}) 8... e6 9. a3 Be7 10. h3 Nbd7 11. Bf3 Rc8 12. Rc1 (12. O-O $15) 12... Nb6 13. O-O O-O 14. Qe2 Nc4 15. Nxc4 Rxc4 16. Rfd1 Re8 ({Black should try} 16... Qb6 $17 17. Nxd5 Nxd5 18. Bxd5 Rxd4 {[%mdl 64] Double Attack}) 17. Nb1 Qb6 18. c3 Rcc8 19. g4 Bg6 20. Bg2 Qb3 21. Bf1 b5 22. f3 Nd7 23. a4 Qxa4 24. Nd2 Qa5 25. Ra1 Qb6 26. Be3 Qb7 27. f4 Nf6 28. Ra2 Ne4 29. Nxe4 Bxe4 30. Rda1 Rc6 31. Bg2 Bxg2 32. Qxg2 b4 $19 33. Bd2 bxc3 34. Bxc3 Bb4 35. Bxb4 Qxb4 36. Rxa6 Qxd4+ 37. Qf2 Qxf2+ 38. Kxf2 Rc2+ 39. Kg3 Rxb2 40. Rc1 g5 41. fxg5 hxg5 0-1